Workbook

Sheet Contexte
C3: Lycée
C4: Ville
B6: PROGRESSION PÉDAGOGIQUE mathématiques-sciences
B9: Années 2019 -2021
B10: Académie de DIJON
B12: Contexte de l'établissement
C14: Cocher les enseignements spécifiques dispensés dans l'établissement en terminale
D15: AC | E15: EE | F15: ITEC | G15: SIN
C16: Ens. Spé. dispensés
B19: Classe de première mathématiques-sciences | F19: Classe de terminale mathématiques-sciences
B20: Effectif total | F20: Effectif total
B21: Nombre de classe | F21: Nombre de classe
B22: Horaire classe entière (élève) | F22: Horaire classe entière (élève)
B23: Horaire groupe allégé (élève) | F23: Horaire groupe allégé (élève)
C25: Effectif par enseignement spécifique
D26: AC | E26: EE | F26: ITEC | G26: SIN
C27: Effectif
B30: Remarques concernant les classes et effectifs
B38: Professeurs de mathématiques-sciences
B40: Nom - Prénom | D40: Ens. Spé. enseigné | E40: Nombre heure première | F40: Nombre heure terminale | G40: ETLV première | H40: ETLV Terminale
B48: Remarques concernant les professeurs de mathématiques-sciences et leur répartition horaire
B56: Espaces
D58: Espaces | F58: Nombre
D59: Fab-Lab
D60: Laboratoire
D61: Salle d'apport ou de structuration des connaissances
B63: Axes du projet d'établissement visés par la discipline
C65: Axe 1
C66: Axe 2
C67: Axe 3
B69: Participation aux challenges et concours
C71: Nom du concours
C72: Discipline(s) associée(s)
C73: Niveau de classe
C74: Professeur référent
C76: Nom du concours
C77: Discipline(s) associée(s)
C78: Niveau de classe
C79: Professeur référent
C81: Nom du concours
C82: Discipline(s) associée(s)
C83: Niveau de classe
C84: Professeur référent
B87: Autres remarques

Sheet Notice
B2: NOTICE - PROGRESSION DIDACTIQUE - mathématiques-sciences - Version octobre 2019
B4: Ce document à destination de l'équipe pédagogique de mathématiques-sciences est un outil d'aide à l'élaboration d'une progression didactique pour les 3 années du cycle terminal.
B5: Il s'appuie sur le programme de mathématiques-sciences publié au arrêté du 3 février 2020 publié au BO spécial n° 1 du 6 février 2020 et aux indications didactiques en mathématiques-sciences publiées sur https://eduscol.education.fr/1793/programmes-et-ressources-en-mathematiques-voie-professionnelle
B7: Présentation des onglets
B9: Contexte de l'enseignement
B11: Cet onglet d'introduction présente le contexte de l'enseignement de mathématiques-sciences dans l'établissement.
B13: Programme
B15: L'onglet compétences :
B16: Il indique les compétences du programme et leur codification. Il précise l'enseignement visé : IT, I2D, 2I2D et les connaissances associées
B19: Problématiques-compétences
B21: Cet onglet permet de croiser les problématiques avec les compétences.
B22: La colonne A propose une liste non exhaustive de thèmes.
... B78: * le choix est fait en fonction de compétences peu travaillées dans la progression, des systèmes disponibles dans le laboratoire ou de problématiques non traitées.

Sheet Compétences
A1: Objectifs de formation | C1: Index | D1: Compétences attendues | E1: Connaissances
A2: Statistique et probabilités | B2: Statistique à une variable | C2: SV1 | D2: • Recueillir et organiser des données statistiques. | E2: • Regroupement par classes d’une série statistique.
C3: SV2 | D3: • Organiser des données statistiques en choisissant un mode de représentation adapté à l'aide des fonctions statistiques d'une calculatrice ou d'un tableur. • Extraire des informations d’une représentation d’une série statistique. | E3: • Représentation d’une série statistique par un diagramme en secteurs, en bâtons, en colonnes, à lignes brisées.
C4: SV3 | D4: • Comparer et interpréter des séries statistiques à l’aide d’indicateurs de position et de dispersion calculés avec les fonctions statistiques d'une calculatrice ou d'un tableur. | E4: • Indicateurs de position : mode, classe modale, moyenne, médiane, quartiles. • Indicateurs de dispersion : étendue, écart type, écart interquartile Q3 – Q1.
C5: SV4 | D5: • Construire le diagramme en boite à moustaches associé à une série statistique avec ou sans TIC. • Comparer et interpréter des diagrammes en boite à moustaches. | E5: • Diagrammes en boite à moustaches.
B6: Fluctuations d’une fréquence selon les échantillons, probabilités | C6: FP1 | D6: • Expérimenter pour observer la fluctuation des fréquences (jets de dés, lancers de pièces de monnaie…) • Réaliser une simulation informatique, dans des cas simples, permettant la prise d’échantillons aléatoires de taille n fixée, extraits d’une population où la fréquence p relative à un caractère est connue. • Déterminer l’étendue des fréquences, relatives à un caractère, de la série d’échantillons de taille n obtenus par expérience concrète ou simulation. | E6: • Vocabulaire des probabilités : expérience aléatoire, ensemble des issues (univers), évènement, probabilité. • Expérience aléatoire à deux issues. • Échantillon aléatoire de taille n pour une expérience à deux issues (avec remise). • Notion de tirage au hasard et avec remise de n éléments dans une population où la fréquence p relative à un caractère est connue. • Fluctuation d’une fréquence relative à un caractère, sur des échantillons de taille n fixée.
C7: FP2 | D7: • Estimer la probabilité d'un événement à partir des fréquences. | E7: • Stabilisation relative des fréquences vers la probabilité de l'événement quand n augmente.
C8: FP3 | D8: • Calculer la probabilité d'un événement dans le cas d'une situation aléatoire simple. • Faire preuve d'esprit critique face à une situation aléatoire simple. | E8: • Dénombrements à l’aide de tableaux à double entrée ou d’arbres.
A9: Algèbre – Analyse | B9: Résolution d’un problème du premier degré | C9: AA1 | D9: • Traduire un problème par une équation ou une inéquation du premier degré à une inconnue. | E9: • Équation du premier degré à une inconnue. • Inéquation du premier degré à une inconnue. • Intervalles de ℝ.
C10: AA2 | D10: • Résoudre algébriquement, graphiquement sans ou avec outils numériques (grapheur, solveur, tableur) : - une équation du premier degré à une inconnue ; - une inéquation du premier degré à une inconnue. | E10: • Équation du premier degré à une inconnue. • Inéquation du premier degré à une inconnue. • Intervalles de ℝ.
C11: AA3 | D11: • Choisir et mettre en œuvre une méthode de résolution adaptée au problème. | E11: • Équation du premier degré à une inconnue. • Inéquation du premier degré à une inconnue. • Intervalles de ℝ.
B12: Fonctions | C12: F1 | D12: • Exploiter différents modes de représentation d’une fonction et passer de l’un à l’autre (expression, tableau de valeurs, courbe représentative). • Selon le mode de représentation : - identifier la variable ; - déterminer l’image ou des antécédents éventuels d’un nombre par une fonction définie sur un ensemble donné. • Reconnaitre une situation de proportionnalité et déterminer la fonction linéaire qui la modélise | E12: • Différents modes de représentation d’une fonction (expression, tableau de valeurs, courbe représentative). • Variable, fonction, image, antécédent et notation ƒ(x). • Intervalles de ℝ. • Fonctions linéaires.
C13: F2 | D13: • Relier courbe représentative et tableau de variations d’une fonction. • Déterminer graphiquement les extremums d’une fonction sur un intervalle. | E13: • Fonction croissante ou décroissante sur un intervalle. • Tableau de variations. • Maximum, minimum d’une fonction sur un intervalle.
C14: F3 | D14: • Exploiter l’équation y = ƒ(x) d’une courbe : - vérifier l’appartenance d’un point à une courbe ; - calculer les coordonnées d’un point de la courbe. | E14: • Courbe représentative d’une fonction ƒ : la courbe d’équation y = ƒ(x) est l’ensemble des points du plan dont les coordonnées (x;y) vérifient y = ƒ(x).
C15: F4 | D15: • Représenter graphiquement une fonction affine. • Déterminer l’expression d’une fonction affine à partir de la donnée de deux nombres et de leurs images. • Déterminer graphiquement le coefficient directeur d’une droite non verticale. • Faire le lien entre coefficient directeur et pente dans un repère orthonormé. • Reconnaitre que deux droites d’équations données sont parallèles. • Résoudre graphiquement, ou à l’aide d’outils numériques, un système de deux équations du premier degré à deux inconnues. • Construire la parabole représentant la fonction carré et donner son tableau de variations • Déduire de la courbe représentative d’une fonction ƒ sur un intervalle donné celle de la fonction qui à x associe ƒ(x) + k, où k est un nombre réel donné, sur le même intervalle. • Déduire de la courbe représentative de la fonction carré, l’allure de celle de la fonction définie par ƒ(x) = kx2, où k est un nombre réel donné. • Déduire des variations d’une fonction ƒ sur un intervalle donné celles de la fonction kƒ, où k est un nombre réel donné, sur le même intervalle. | E15: • Fonction affine : - courbe représentative ; - coefficient directeur et ordonnée à l’origine. d’une droite représentant une fonction affine ; - équation réduite d’une droite ; - sens de variation en fonction du coefficient directeur de la droite qui la représente. • Interprétation du coefficient directeur de la droite représentative d’une fonction affine comme taux d’accroissement. • Système de deux équations du premier degré à deux inconnues. • Courbe représentative de la fonction carré. • Sens de variation de la fonction carré.
C16: F5 | D16: • Dans le cadre de problèmes modélisés par des fonctions, résoudre par une méthode algébrique ou graphique une équation du type ƒ(x) = c ou une inéquation du type ƒ(x) < c, où c est un réel donné et ƒ une fonction affine ou une fonction du type x ↦ kx2 (avec k réel donné). | E16: • Résolution algébrique ou graphique.
B17: Calculs commerciaux et financiers (uniquement pour les spécialités de baccalauréat professionnel ne comportant pas d’enseignement de physique-chimie) | C17: CC1 | D17: • Compléter une facture, un bon de commande, réaliser un devis en déterminant dans le cadre de situations professionnelles : - un prix ; - un cout ; - une marge ; - une taxe ; - une réduction commerciale (remise, rabais, ristourne) ; - un taux. | E17: • Pourcentages. • Coefficients multiplicateurs.
C18: CC2 | D18: • Calculer le montant : - d’un intérêt simple ; - d’une valeur acquise. • Déterminer graphiquement ou par le calcul : - un taux annuel de placement ; - la durée de placement (exprimée en jours, quinzaines, mois ou années) ; - le montant du capital placé. | E18: • Capital, taux, intérêt, valeur acquise.
A19: Géométrie | C19: G1 | D19: • Reconnaitre, nommer un solide usuel. • Nommer les solides usuels constituant d'autres solides. • Calculer des longueurs, des mesures d’angles, des aires et des volumes dans les figures ou solides (les formules pour la pyramide, le cône et la boule sont fournies). | E19: • Solides usuels : le cube, le pavé droit, la pyramide, le cylindre droit, le cône, la boule. • Figures planes usuelles : triangle, quadrilatère, cercle. • Le théorème de Pythagore et sa réciproque. • Le théorème de Thalès dans le triangle. • Formule donnant le périmètre d’un cercle. • Somme des mesures, en degré, des angles d’un triangle. • Formule de l’aire d’un triangle, d’un carré, d'un rectangle, d’un disque. • Formule du volume du cube, du pavé droit et du cylindre.
C20: G2 | D20: • Déterminer les effets d’un agrandissement ou d’une réduction sur les longueurs, les aires et les volumes. | E20: • Grandeurs proportionnelles.
A21: Algorithmique et programmation | C21: AP1 | D21: • Analyser un problème. • Décomposer un problème en sous-problèmes. | E21: toto
C22: AP2 | D22: • Repérer les enchainements logiques et les traduire en instructions conditionnelles et en boucles. | E22: • Séquences d’instructions, instructions conditionnelles, boucles bornées (for) et non bornées (while).
C23: AP3 | D23: • Choisir ou reconnaitre le type d’une variable. • Réaliser un calcul à l’aide d’une ou de plusieurs variables. | E23: • Types de variables : entiers, flottants, chaînes de caractères, booléens. • Affectation d’une variable.
C24: AP4 | D24: • Modifier ou compléter un algorithme ou un programme. • Concevoir un algorithme ou un programme simple pour résoudre un problème.
C25: AP5 | D25: • Comprendre et utiliser des fonctions. • Compléter la définition d’une fonction. • Structurer un programme en ayant recours à des fonctions pour résoudre un problème donné. | E25: • Arguments d’une fonction. • Valeur(s) renvoyée(s) par une fonction.

Sheet Problématiques_compétences
A1: I | B1: Problématiques / compétences mathématiques-sciences Pour assurer la continuité en mathématiques et en SPC du collège au lycée, il peut être envisagé de conserver les thèmes et problématiques du cycle 4 du programme de technologie au collège qui font sens en mathématiques-sciences | C1: Séquences en attente de placement | D1: Chronologie dans la progression | E1: Nombre de compétences développées | F1: =Compétences!D2 -> • Recueillir et organiser des données statistiques. | G1: =Compétences!D3 -> • Organiser des données statistiques en choisissant un mode de représentation adapté à l'aide des fonctions statistiques d'une calculatrice ou d'un tableur. • Extraire des informations d’une représentation d’une série statistique. | H1: =Compétences!D4 -> • Comparer et interpréter des séries statistiques à l’aide d’indicateurs de position et de dispersion calculés avec les fonctions statistiques d'une calculatrice ou d'un tableur. | I1: =Compétences!D5 -> • Construire le diagramme en boite à moustaches associé à une série statistique avec ou sans TIC. • Comparer et interpréter des diagrammes en boite à moustaches. | J1: =Compétences!D6 -> • Expérimenter pour observer la fluctuation des fréquences (jets de dés, lancers de pièces de monnaie…) • Réaliser une simulation informatique, dans des cas simples, permettant la prise d’échantillons aléatoires de taille n fixée, extraits d’une population où la fréquence p relative à un caractère est connue. • Déterminer l’étendue des fréquences, relatives à un caractère, de la série d’échantillons de taille n obtenus par expérience concrète ou simulation. | K1: =Compétences!D7 -> • Estimer la probabilité d'un événement à partir des fréquences. | L1: =Compétences!D8 -> • Calculer la probabilité d'un événement dans le cas d'une situation aléatoire simple. • Faire preuve d'esprit critique face à une situation aléatoire simple. | M1: =Compétences!D9 -> • Traduire un problème par une équation ou une inéquation du premier degré à une inconnue. | N1: =Compétences!D10 -> • Résoudre algébriquement, graphiquement sans ou avec outils numériques (grapheur, solveur, tableur) : - une équation du premier degré à une inconnue ; - une inéquation du premier degré à une inconnue. | O1: =Compétences!D11 -> • Choisir et mettre en œuvre une méthode de résolution adaptée au problème. | P1: =Compétences!D12 -> • Exploiter différents modes de représentation d’une fonction et passer de l’un à l’autre (expression, tableau de valeurs, courbe représentative). • Selon le mode de représentation : - identifier la variable ; - déterminer l’image ou des antécédents éventuels d’un nombre par une fonction définie sur un ensemble donné. • Reconnaitre une situation de proportionnalité et déterminer la fonction linéaire qui la modélise | Q1: =Compétences!D13 -> • Relier courbe représentative et tableau de variations d’une fonction. • Déterminer graphiquement les extremums d’une fonction sur un intervalle. | R1: =Compétences!D14 -> • Exploiter l’équation y = ƒ(x) d’une courbe : - vérifier l’appartenance d’un point à une courbe ; - calculer les coordonnées d’un point de la courbe. | S1: =Compétences!D15 -> • Représenter graphiquement une fonction affine. • Déterminer l’expression d’une fonction affine à partir de la donnée de deux nombres et de leurs images. • Déterminer graphiquement le coefficient directeur d’une droite non verticale. • Faire le lien entre coefficient directeur et pente dans un repère orthonormé. • Reconnaitre que deux droites d’équations données sont parallèles. • Résoudre graphiquement, ou à l’aide d’outils numériques, un système de deux équations du premier degré à deux inconnues. • Construire la parabole représentant la fonction carré et donner son tableau de variations • Déduire de la courbe représentative d’une fonction ƒ sur un intervalle donné celle de la fonction qui à x associe ƒ(x) + k, où k est un nombre réel donné, sur le même intervalle. • Déduire de la courbe représentative de la fonction carré, l’allure de celle de la fonction définie par ƒ(x) = kx2, où k est un nombre réel donné. • Déduire des variations d’une fonction ƒ sur un intervalle donné celles de la fonction kƒ, où k est un nombre réel donné, sur le même intervalle. | T1: =Compétences!D16 -> • Dans le cadre de problèmes modélisés par des fonctions, résoudre par une méthode algébrique ou graphique une équation du type ƒ(x) = c ou une inéquation du type ƒ(x) < c, où c est un réel donné et ƒ une fonction affine ou une fonction du type x ↦ kx2 (avec k réel donné). | U1: =Compétences!D17 -> • Compléter une facture, un bon de commande, réaliser un devis en déterminant dans le cadre de situations professionnelles : - un prix ; - un cout ; - une marge ; - une taxe ; - une réduction commerciale (remise, rabais, ristourne) ; - un taux. | V1: =Compétences!D18 -> • Calculer le montant : - d’un intérêt simple ; - d’une valeur acquise. • Déterminer graphiquement ou par le calcul : - un taux annuel de placement ; - la durée de placement (exprimée en jours, quinzaines, mois ou années) ; - le montant du capital placé. | W1: =Compétences!D19 -> • Reconnaitre, nommer un solide usuel. • Nommer les solides usuels constituant d'autres solides. • Calculer des longueurs, des mesures d’angles, des aires et des volumes dans les figures ou solides (les formules pour la pyramide, le cône et la boule sont fournies). | X1: =Compétences!D20 -> • Déterminer les effets d’un agrandissement ou d’une réduction sur les longueurs, les aires et les volumes. | Y1: =Compétences!D21 -> • Analyser un problème. • Décomposer un problème en sous-problèmes. | Z1: =Compétences!D22 -> • Repérer les enchainements logiques et les traduire en instructions conditionnelles et en boucles. | AA1: =Compétences!D23 -> • Choisir ou reconnaitre le type d’une variable. • Réaliser un calcul à l’aide d’une ou de plusieurs variables. | AB1: =Compétences!D24 -> • Modifier ou compléter un algorithme ou un programme. • Concevoir un algorithme ou un programme simple pour résoudre un problème. | AC1: =Compétences!D25 -> • Comprendre et utiliser des fonctions. • Compléter la définition d’une fonction. • Structurer un programme en ayant recours à des fonctions pour résoudre un problème donné.
A2: Thème de séquence | B2: Problématiques proposées mathématiques-sciences | F2: =Compétences!C2 -> SV1 | G2: =Compétences!C3 -> SV2 | H2: =Compétences!C4 -> SV3 | I2: =Compétences!C5 -> SV4 | J2: =Compétences!C6 -> FP1 | K2: =Compétences!C7 -> FP2 | L2: =Compétences!C8 -> FP3 | M2: =Compétences!C9 -> AA1 | N2: =Compétences!C10 -> AA2 | O2: =Compétences!C11 -> AA3 | P2: =Compétences!C12 -> F1 | Q2: =Compétences!C13 -> F2 | R2: =Compétences!C14 -> F3 | S2: =Compétences!C15 -> F4 | T2: =Compétences!C16 -> F5 | U2: =Compétences!C17 -> CC1 | V2: =Compétences!C18 -> CC2 | W2: =Compétences!C19 -> G1 | X2: =Compétences!C20 -> G2 | Y2: =Compétences!C21 -> AP1 | Z2: =Compétences!C22 -> AP2 | AA2: =Compétences!C23 -> AP3 | AB2: =Compétences!C24 -> AP4 | AC2: =Compétences!C25 -> AP5
A3: Nombre de séquences où la compétence est travaillée | F3: =COUNTA(F4:F173) -> 3 | G3: =COUNTA(G4:G173) -> 2 | H3: =COUNTA(H4:H173) -> 2 | I3: =COUNTA(I4:I173) -> 2 | J3: =COUNTA(J4:J173) -> 2 | K3: =COUNTA(K4:K173) -> 2 | L3: =COUNTA(L4:L173) -> 2 | M3: =COUNTA(M4:M173) -> 2 | ... AC3: =COUNTA(AC4:AC173) -> 1
A4: 1) Statistiques et probabilités | B4: P1_1 : Combien de boules décoratives puis-je mettre à l’intérieur de l’aquarium sans que l’eau ne déborde ? | D4: S1 | E4: =COUNTA(F4:W4) -> 4 | F4: x | H4: x | O4: x | T4: x
E5: =COUNTA(F5:W5) -> 0
E6: =COUNTA(F6:W6) -> 0
E7: =COUNTA(F7:W7) -> 0
E8: =COUNTA(F8:W8) -> 0
E9: =COUNTA(F9:W9) -> 0
E10: =COUNTA(F10:W10) -> 0
E11: =COUNTA(F11:W11) -> 0
E12: =COUNTA(F12:W12) -> 0
C13: S2 | E13: =COUNTA(F13:W13) -> 0
E14: =COUNTA(F14:W14) -> 0
E15: =COUNTA(F15:W15) -> 0
A16: 2) Algèbre - Analyse | B16: P2_1 : Comment faciliter la mobilité ? | D16: S2 | E16: =COUNTA(F16:W16) -> 5 | I16: x | K16: x | L16: x | N16: x | V16: x
B17: P2_2 : Comment sécuriser un habitat grâce à la vidéo-surveillance ? | D17: S8 | E17: =COUNTA(F17:W17) -> 2 | M17: x | Q17: x | X17: x
B18: P2_3 : Comment fonctionnent les objets du quotidien qui nous facilitent la vie ? | D18: S12 | E18: =COUNTA(F18:W18) -> 2 | G18: x | J18: x
B19: P2_4 : Comment les robots humanoïdes peuvent-il assister au mieux les personnes dans leur vie quotidienne ? | D19: S14 | E19: =COUNTA(F19:W19) -> 1 | P19: x
E20: =COUNTA(F20:AC20) -> 0
E21: =COUNTA(F21:AC21) -> 0
E22: =COUNTA(F22:AC22) -> 0
E23: =COUNTA(F23:AC23) -> 0
E24: =COUNTA(F24:AC24) -> 0
E25: =COUNTA(F25:AC25) -> 0
E26: =COUNTA(F26:AC26) -> 0
E27: =COUNTA(F27:AC27) -> 0
A28: 3) Géométrie | B28: P3_1 : Combien de boules décoratives puis-je mettre à l’intérieur de l’aquarium sans que l’eau ne déborde ? | C28: S5 | E28: =COUNTA(F28:AC28) -> 24 | F28: 1 | G28: 2 | H28: 3 | I28: 4 | J28: 5 | K28: 6 | L28: 7 | M28: 8 | N28: 9 | O28: 10 | P28: 11 | Q28: 12 | R28: 13 | S28: 14 | T28: 15 | U28: 16 | V28: 17 | W28: 18 | X28: 19 | Y28: 20 | Z28: 21 | AA28: 22 | AB28: 23 | AC28: 24
B29: P3_2 : Vous disposez d’une corde à 50 nœuds, combien de triangles rectangles pouvez-vous former ? | D29: S11 | E29: =COUNTA(F29:AC29) -> 4 | F29: x | S29: x | Y29: x | AA29: x
E30: =COUNTA(F30:AC30) -> 0
E31: =COUNTA(F31:AC31) -> 0
E32: =COUNTA(F32:AC32) -> 0
E33: =COUNTA(F33:AC33) -> 0
E34: =COUNTA(F34:AC34) -> 0
E35: =COUNTA(F35:AC35) -> 0
E36: =COUNTA(F36:AC36) -> 0
E37: =COUNTA(F37:AC37) -> 0
E38: =COUNTA(F38:AC38) -> 0
E39: =COUNTA(F39:AC39) -> 0
A40: 4) Algorithmique et programmation | B40: P3_1 : Combien de boules décoratives puis-je mettre à l’intérieur de l’aquarium sans que l’eau ne déborde ? | E40: =COUNTA(F40:AC40) -> 0
C41: S13 | E41: =COUNTA(F41:AC41) -> 0
E42: =COUNTA(F42:AC42) -> 0
E43: =COUNTA(F43:AC43) -> 0
E44: =COUNTA(F44:AC44) -> 0
E45: =COUNTA(F45:AC45) -> 0
E46: =COUNTA(F46:AC46) -> 0
E47: =COUNTA(F47:AC47) -> 0
E48: =COUNTA(F48:AC48) -> 0
E49: =COUNTA(F49:AC49) -> 0
E50: =COUNTA(F50:AC50) -> 0
E51: =COUNTA(F51:AC51) -> 0
A52: 5) Automatismes | C52: S3 | E52: =COUNTA(F52:AC52) -> 0
C53: S7 | E53: =COUNTA(F53:AC53) -> 0
E54: =COUNTA(F54:AC54) -> 0
E55: =COUNTA(F55:AC55) -> 0
E56: =COUNTA(F56:AC56) -> 0
E57: =COUNTA(F57:AC57) -> 0
E58: =COUNTA(F58:AC58) -> 0
E59: =COUNTA(F59:AC59) -> 0
E60: =COUNTA(F60:AC60) -> 0
E61: =COUNTA(F61:AC61) -> 0
E62: =COUNTA(F62:AC62) -> 0
E63: =COUNTA(F63:AC63) -> 0
A64: 6) Vocabulaire ensembliste et logique | C64: S9 | E64: =COUNTA(F64:AC64) -> 0
C65: S10 | E65: =COUNTA(F65:AC65) -> 0
E66: =COUNTA(F66:AC66) -> 0
E67: =COUNTA(F67:AC67) -> 0
E68: =COUNTA(F68:AC68) -> 0
C69: S4 | E69: =COUNTA(F69:AC69) -> 0
E70: =COUNTA(F70:AC70) -> 0
E71: =COUNTA(F71:AC71) -> 0
E72: =COUNTA(F72:AC72) -> 0
E73: =COUNTA(F73:AC73) -> 0
E74: =COUNTA(F74:AC74) -> 0
E75: =COUNTA(F75:AC75) -> 0
C76: S6 | E76: =COUNTA(F76:AC76) -> 0
E77: =COUNTA(F77:AC77) -> 0
E78: =COUNTA(F78:AC78) -> 0
E79: =COUNTA(F79:AC79) -> 0
E80: =COUNTA(F80:AC80) -> 0
E81: =COUNTA(F81:AC81) -> 0
E82: =COUNTA(F82:AC82) -> 0
E83: =COUNTA(F83:AC83) -> 0
E84: =COUNTA(F84:AC84) -> 0
E85: =COUNTA(F85:AC85) -> 0
E86: =COUNTA(F86:AC86) -> 0
E87: =COUNTA(F87:AC87) -> 0
E88: =COUNTA(F88:AC88) -> 0
... E149: =COUNTA(F149:AC149) -> 0
A150: Projet | B150: Projet P9_1_1 : recherches de solutions | E150: =COUNTA(F150:AC150) -> 0
B151: Projet P9_1_2 : réalisation - test et validation | E151: =COUNTA(F151:AC151) -> 0
B152: Projet P9_4_1 : recherches de solutions | E152: =COUNTA(F152:AC152) -> 0
B153: Projet P9_4_2 : réalisation | E153: =COUNTA(F153:AC153) -> 0
B154: Projet P9_4_3 : test et validation | E154: =COUNTA(F154:AC154) -> 0
E155: =COUNTA(F155:AC155) -> 0
E156: =COUNTA(F156:AC156) -> 0
E157: =COUNTA(F157:AC157) -> 0
E158: =COUNTA(F158:AC158) -> 0
E159: =COUNTA(F159:AC159) -> 0
E160: =COUNTA(F160:AC160) -> 0
...

Sheet Progression_MS
F1: Progression du cycle
F2: =IF(MATCH(Progression_MS!F4,Problématiques_compétences!$D$1:$D$174,0)>99,"P","") | G2: =IF(MATCH(Progression_MS!G4,Problématiques_compétences!$D$1:$D$174,0)>99,"P","") | H2: =IF(MATCH(Progression_MS!H4,Problématiques_compétences!$D$1:$D$174,0)>99,"P","") -> #N/A | I2: =IF(MATCH(Progression_MS!I4,Problématiques_compétences!$D$1:$D$174,0)>99,"P","") -> #N/A | J2: =IF(MATCH(Progression_MS!J4,Problématiques_compétences!$D$1:$D$174,0)>99,"P","") -> #N/A | K2: =IF(MATCH(Progression_MS!K4,Problématiques_compétences!$D$1:$D$174,0)>99,"P","") -> #N/A | L2: =IF(MATCH(Progression_MS!L4,Problématiques_compétences!$D$1:$D$174,0)>99,"P","") -> #N/A | M2: =IF(MATCH(Progression_MS!M4,Problématiques_compétences!$D$1:$D$174,0)>99,"P","") | ... AI2: =IF(MATCH(Progression_MS!AI4,Problématiques_compétences!$D$1:$D$174,0)>99,"P","") -> #N/A
A3: Progression pédagogique en mathématiques-sciences | E3: Nombre d'itérations de la compétence | F3: =INDEX(Problématiques_compétences!$B$3:$D$174,MATCH(Progression_MS!F4,Problématiques_compétences!$D$3:$D$174,0),1) -> P1_1 : Combien de boules décoratives puis-je mettre à l’intérieur de l’aquarium sans que l’eau ne déborde ? | G3: =INDEX(Problématiques_compétences!$B$3:$D$174,MATCH(Progression_MS!G4,Problématiques_compétences!$D$3:$D$174,0),1) -> P2_1 : Comment faciliter la mobilité ? | H3: =INDEX(Problématiques_compétences!$B$3:$D$174,MATCH(Progression_MS!H4,Problématiques_compétences!$D$3:$D$174,0),1) -> #N/A | I3: =INDEX(Problématiques_compétences!$B$3:$D$174,MATCH(Progression_MS!I4,Problématiques_compétences!$D$3:$D$174,0),1) -> #N/A | J3: =INDEX(Problématiques_compétences!$B$3:$D$174,MATCH(Progression_MS!J4,Problématiques_compétences!$D$3:$D$174,0),1) -> #N/A | K3: =INDEX(Problématiques_compétences!$B$3:$D$174,MATCH(Progression_MS!K4,Problématiques_compétences!$D$3:$D$174,0),1) -> #N/A | L3: =INDEX(Problématiques_compétences!$B$3:$D$174,MATCH(Progression_MS!L4,Problématiques_compétences!$D$3:$D$174,0),1) -> #N/A | M3: =INDEX(Problématiques_compétences!$B$3:$D$174,MATCH(Progression_MS!M4,Problématiques_compétences!$D$3:$D$174,0),1) -> P2_2 : Comment sécuriser un habitat grâce à la vidéo-surveillance ? | ... AI3: =INDEX(Problématiques_compétences!$B$3:$D$174,MATCH(Progression_MS!AI4,Problématiques_compétences!$D$3:$D$174,0),1) -> #N/A
A4: Repère séquence | F4: S1 | G4: S2 | H4: S3 | I4: S4 | J4: S5 | K4: S6 | L4: S7 | M4: S8 | N4: S9 | O4: S10 | P4: S11 | Q4: S12 | R4: S13 | S4: S14 | T4: S15 | U4: S16 | V4: S17 | W4: S18 | X4: S19 | Y4: S20 | Z4: S21 | AA4: S22 | AB4: S23 | AC4: S24 | AD4: S25 | AE4: S26 | AF4: S27 | AG4: S28 | AH4: S29 | AI4: S30
A5: Répartition sur le cycle
A6: Lien avec les autres disciplines
A7: Objectifs de formation | C7: Index | D7: Compétences attendues
A8: Statistique et probabilités | B8: Statistique à une variable | C8: =Compétences!C2 -> SV1 | D8: =Compétences!D2 -> • Recueillir et organiser des données statistiques. | E8: =COUNTIF(F8:AI8,"x") -> 2 | F8: =INDEX(Problématiques_compétences!$D$3:$AC$174,MATCH(Progression_MS!F$4,Problématiques_compétences!$D$3:$D$174,0),3) -> x | G8: =INDEX(Problématiques_compétences!$D$3:$AC$174,MATCH(Progression_MS!G$4,Problématiques_compétences!$D$3:$D$174,0),3) -> 0 | H8: =INDEX(Problématiques_compétences!$D$3:$AC$174,MATCH(Progression_MS!H$4,Problématiques_compétences!$D$3:$D$174,0),3) -> #N/A | I8: =INDEX(Problématiques_compétences!$D$3:$AC$174,MATCH(Progression_MS!I$4,Problématiques_compétences!$D$3:$D$174,0),3) -> #N/A | J8: =INDEX(Problématiques_compétences!$D$3:$AC$174,MATCH(Progression_MS!J$4,Problématiques_compétences!$D$3:$D$174,0),3) -> #N/A | K8: =INDEX(Problématiques_compétences!$D$3:$AC$174,MATCH(Progression_MS!K$4,Problématiques_compétences!$D$3:$D$174,0),3) -> #N/A | L8: =INDEX(Problématiques_compétences!$D$3:$AC$174,MATCH(Progression_MS!L$4,Problématiques_compétences!$D$3:$D$174,0),3) -> #N/A | M8: =INDEX(Problématiques_compétences!$D$3:$AC$174,MATCH(Progression_MS!M$4,Problématiques_compétences!$D$3:$D$174,0),3) -> 0 | ... AI8: =INDEX(Problématiques_compétences!$D$3:$AC$174,MATCH(Progression_MS!AI$4,Problématiques_compétences!$D$3:$D$174,0),3) -> #N/A
C9: =Compétences!C3 -> SV2 | D9: =Compétences!D3 -> • Organiser des données statistiques en choisissant un mode de représentation adapté à l'aide des fonctions statistiques d'une calculatrice ou d'un tableur. • Extraire des informations d’une représentation d’une série statistique. | E9: =COUNTIF(F9:AI9,"x") -> 1 | F9: =INDEX(Problématiques_compétences!$D$3:$AC$174,MATCH(Progression_MS!F$4,Problématiques_compétences!$D$3:$D$174,0),4) -> 0 | G9: =INDEX(Problématiques_compétences!$D$3:$AC$174,MATCH(Progression_MS!G$4,Problématiques_compétences!$D$3:$D$174,0),4) -> 0 | H9: =INDEX(Problématiques_compétences!$D$3:$AC$174,MATCH(Progression_MS!H$4,Problématiques_compétences!$D$3:$D$174,0),4) -> #N/A | I9: =INDEX(Problématiques_compétences!$D$3:$AC$174,MATCH(Progression_MS!I$4,Problématiques_compétences!$D$3:$D$174,0),4) -> #N/A | J9: =INDEX(Problématiques_compétences!$D$3:$AC$174,MATCH(Progression_MS!J$4,Problématiques_compétences!$D$3:$D$174,0),4) -> #N/A | K9: =INDEX(Problématiques_compétences!$D$3:$AC$174,MATCH(Progression_MS!K$4,Problématiques_compétences!$D$3:$D$174,0),4) -> #N/A | L9: =INDEX(Problématiques_compétences!$D$3:$AC$174,MATCH(Progression_MS!L$4,Problématiques_compétences!$D$3:$D$174,0),4) -> #N/A | M9: =INDEX(Problématiques_compétences!$D$3:$AC$174,MATCH(Progression_MS!M$4,Problématiques_compétences!$D$3:$D$174,0),4) -> 0 | ... AI9: =INDEX(Problématiques_compétences!$D$3:$AC$174,MATCH(Progression_MS!AI$4,Problématiques_compétences!$D$3:$D$174,0),4) -> #N/A
C10: =Compétences!C4 -> SV3 | D10: =Compétences!D4 -> • Comparer et interpréter des séries statistiques à l’aide d’indicateurs de position et de dispersion calculés avec les fonctions statistiques d'une calculatrice ou d'un tableur. | E10: =COUNTIF(F10:AI10,"x") -> 1 | F10: =INDEX(Problématiques_compétences!$D$3:$AC$174,MATCH(Progression_MS!F$4,Problématiques_compétences!$D$3:$D$174,0),5) -> x | G10: =INDEX(Problématiques_compétences!$D$3:$AC$174,MATCH(Progression_MS!G$4,Problématiques_compétences!$D$3:$D$174,0),5) -> 0 | H10: =INDEX(Problématiques_compétences!$D$3:$AC$174,MATCH(Progression_MS!H$4,Problématiques_compétences!$D$3:$D$174,0),5) -> #N/A | I10: =INDEX(Problématiques_compétences!$D$3:$AC$174,MATCH(Progression_MS!I$4,Problématiques_compétences!$D$3:$D$174,0),5) -> #N/A | J10: =INDEX(Problématiques_compétences!$D$3:$AC$174,MATCH(Progression_MS!J$4,Problématiques_compétences!$D$3:$D$174,0),5) -> #N/A | K10: =INDEX(Problématiques_compétences!$D$3:$AC$174,MATCH(Progression_MS!K$4,Problématiques_compétences!$D$3:$D$174,0),5) -> #N/A | L10: =INDEX(Problématiques_compétences!$D$3:$AC$174,MATCH(Progression_MS!L$4,Problématiques_compétences!$D$3:$D$174,0),5) -> #N/A | M10: =INDEX(Problématiques_compétences!$D$3:$AC$174,MATCH(Progression_MS!M$4,Problématiques_compétences!$D$3:$D$174,0),5) -> 0 | ... AI10: =INDEX(Problématiques_compétences!$D$3:$AC$174,MATCH(Progression_MS!AI$4,Problématiques_compétences!$D$3:$D$174,0),5) -> #N/A
C11: =Compétences!C5 -> SV4 | D11: =Compétences!D5 -> • Construire le diagramme en boite à moustaches associé à une série statistique avec ou sans TIC. • Comparer et interpréter des diagrammes en boite à moustaches. | E11: =COUNTIF(F11:AI11,"x") -> 1 | F11: =INDEX(Problématiques_compétences!$D$3:$AC$174,MATCH(Progression_MS!F$4,Problématiques_compétences!$D$3:$D$174,0),6) -> 0 | G11: =INDEX(Problématiques_compétences!$D$3:$AC$174,MATCH(Progression_MS!G$4,Problématiques_compétences!$D$3:$D$174,0),6) -> x | H11: =INDEX(Problématiques_compétences!$D$3:$AC$174,MATCH(Progression_MS!H$4,Problématiques_compétences!$D$3:$D$174,0),6) -> #N/A | I11: =INDEX(Problématiques_compétences!$D$3:$AC$174,MATCH(Progression_MS!I$4,Problématiques_compétences!$D$3:$D$174,0),6) -> #N/A | J11: =INDEX(Problématiques_compétences!$D$3:$AC$174,MATCH(Progression_MS!J$4,Problématiques_compétences!$D$3:$D$174,0),6) -> #N/A | K11: =INDEX(Problématiques_compétences!$D$3:$AC$174,MATCH(Progression_MS!K$4,Problématiques_compétences!$D$3:$D$174,0),6) -> #N/A | L11: =INDEX(Problématiques_compétences!$D$3:$AC$174,MATCH(Progression_MS!L$4,Problématiques_compétences!$D$3:$D$174,0),6) -> #N/A | M11: =INDEX(Problématiques_compétences!$D$3:$AC$174,MATCH(Progression_MS!M$4,Problématiques_compétences!$D$3:$D$174,0),6) -> 0 | ... AI11: =INDEX(Problématiques_compétences!$D$3:$AC$174,MATCH(Progression_MS!AI$4,Problématiques_compétences!$D$3:$D$174,0),6) -> #N/A
B12: Fluctuations d’une fréquence selon les échantillons, probabilités | C12: =Compétences!C6 -> FP1 | D12: =Compétences!D6 -> • Expérimenter pour observer la fluctuation des fréquences (jets de dés, lancers de pièces de monnaie…) • Réaliser une simulation informatique, dans des cas simples, permettant la prise d’échantillons aléatoires de taille n fixée, extraits d’une population où la fréquence p relative à un caractère est connue. • Déterminer l’étendue des fréquences, relatives à un caractère, de la série d’échantillons de taille n obtenus par expérience concrète ou simulation. | E12: =COUNTIF(F12:AI12,"x") -> 1 | F12: =INDEX(Problématiques_compétences!$D$3:$AC$174,MATCH(Progression_MS!F$4,Problématiques_compétences!$D$3:$D$174,0),7) -> 0 | G12: =INDEX(Problématiques_compétences!$D$3:$AC$174,MATCH(Progression_MS!G$4,Problématiques_compétences!$D$3:$D$174,0),7) -> 0 | H12: =INDEX(Problématiques_compétences!$D$3:$AC$174,MATCH(Progression_MS!H$4,Problématiques_compétences!$D$3:$D$174,0),7) -> #N/A | I12: =INDEX(Problématiques_compétences!$D$3:$AC$174,MATCH(Progression_MS!I$4,Problématiques_compétences!$D$3:$D$174,0),7) -> #N/A | J12: =INDEX(Problématiques_compétences!$D$3:$AC$174,MATCH(Progression_MS!J$4,Problématiques_compétences!$D$3:$D$174,0),7) -> #N/A | K12: =INDEX(Problématiques_compétences!$D$3:$AC$174,MATCH(Progression_MS!K$4,Problématiques_compétences!$D$3:$D$174,0),7) -> #N/A | L12: =INDEX(Problématiques_compétences!$D$3:$AC$174,MATCH(Progression_MS!L$4,Problématiques_compétences!$D$3:$D$174,0),7) -> #N/A | M12: =INDEX(Problématiques_compétences!$D$3:$AC$174,MATCH(Progression_MS!M$4,Problématiques_compétences!$D$3:$D$174,0),7) -> 0 | ... AI12: =INDEX(Problématiques_compétences!$D$3:$AC$174,MATCH(Progression_MS!AI$4,Problématiques_compétences!$D$3:$D$174,0),7) -> #N/A
C13: =Compétences!C7 -> FP2 | D13: =Compétences!D7 -> • Estimer la probabilité d'un événement à partir des fréquences. | E13: =COUNTIF(F13:AI13,"x") -> 1 | F13: =INDEX(Problématiques_compétences!$D$3:$AC$174,MATCH(Progression_MS!F$4,Problématiques_compétences!$D$3:$D$174,0),8) -> 0 | G13: =INDEX(Problématiques_compétences!$D$3:$AC$174,MATCH(Progression_MS!G$4,Problématiques_compétences!$D$3:$D$174,0),8) -> x | H13: =INDEX(Problématiques_compétences!$D$3:$AC$174,MATCH(Progression_MS!H$4,Problématiques_compétences!$D$3:$D$174,0),8) -> #N/A | I13: =INDEX(Problématiques_compétences!$D$3:$AC$174,MATCH(Progression_MS!I$4,Problématiques_compétences!$D$3:$D$174,0),8) -> #N/A | J13: =INDEX(Problématiques_compétences!$D$3:$AC$174,MATCH(Progression_MS!J$4,Problématiques_compétences!$D$3:$D$174,0),8) -> #N/A | K13: =INDEX(Problématiques_compétences!$D$3:$AC$174,MATCH(Progression_MS!K$4,Problématiques_compétences!$D$3:$D$174,0),8) -> #N/A | L13: =INDEX(Problématiques_compétences!$D$3:$AC$174,MATCH(Progression_MS!L$4,Problématiques_compétences!$D$3:$D$174,0),8) -> #N/A | M13: =INDEX(Problématiques_compétences!$D$3:$AC$174,MATCH(Progression_MS!M$4,Problématiques_compétences!$D$3:$D$174,0),8) -> 0 | ... AI13: =INDEX(Problématiques_compétences!$D$3:$AC$174,MATCH(Progression_MS!AI$4,Problématiques_compétences!$D$3:$D$174,0),8) -> #N/A
C14: =Compétences!C8 -> FP3 | D14: =Compétences!D8 -> • Calculer la probabilité d'un événement dans le cas d'une situation aléatoire simple. • Faire preuve d'esprit critique face à une situation aléatoire simple. | E14: =COUNTIF(F14:AI14,"x") -> 1 | F14: =INDEX(Problématiques_compétences!$D$3:$AC$174,MATCH(Progression_MS!F$4,Problématiques_compétences!$D$3:$D$174,0),9) -> 0 | G14: =INDEX(Problématiques_compétences!$D$3:$AC$174,MATCH(Progression_MS!G$4,Problématiques_compétences!$D$3:$D$174,0),9) -> x | H14: =INDEX(Problématiques_compétences!$D$3:$AC$174,MATCH(Progression_MS!H$4,Problématiques_compétences!$D$3:$D$174,0),9) -> #N/A | I14: =INDEX(Problématiques_compétences!$D$3:$AC$174,MATCH(Progression_MS!I$4,Problématiques_compétences!$D$3:$D$174,0),9) -> #N/A | J14: =INDEX(Problématiques_compétences!$D$3:$AC$174,MATCH(Progression_MS!J$4,Problématiques_compétences!$D$3:$D$174,0),9) -> #N/A | K14: =INDEX(Problématiques_compétences!$D$3:$AC$174,MATCH(Progression_MS!K$4,Problématiques_compétences!$D$3:$D$174,0),9) -> #N/A | L14: =INDEX(Problématiques_compétences!$D$3:$AC$174,MATCH(Progression_MS!L$4,Problématiques_compétences!$D$3:$D$174,0),9) -> #N/A | M14: =INDEX(Problématiques_compétences!$D$3:$AC$174,MATCH(Progression_MS!M$4,Problématiques_compétences!$D$3:$D$174,0),9) -> 0 | ... AI14: =INDEX(Problématiques_compétences!$D$3:$AC$174,MATCH(Progression_MS!AI$4,Problématiques_compétences!$D$3:$D$174,0),9) -> #N/A
A15: Algèbre – Analyse | B15: Résolution d’un problème du premier degré | C15: =Compétences!C9 -> AA1 | D15: =Compétences!D9 -> • Traduire un problème par une équation ou une inéquation du premier degré à une inconnue. | E15: =COUNTIF(F15:AI15,"x") -> 1 | F15: =INDEX(Problématiques_compétences!$D$3:$AC$174,MATCH(Progression_MS!F$4,Problématiques_compétences!$D$3:$D$174,0),10) -> 0 | G15: =INDEX(Problématiques_compétences!$D$3:$AC$174,MATCH(Progression_MS!G$4,Problématiques_compétences!$D$3:$D$174,0),10) -> 0 | H15: =INDEX(Problématiques_compétences!$D$3:$AC$174,MATCH(Progression_MS!H$4,Problématiques_compétences!$D$3:$D$174,0),10) -> #N/A | I15: =INDEX(Problématiques_compétences!$D$3:$AC$174,MATCH(Progression_MS!I$4,Problématiques_compétences!$D$3:$D$174,0),10) -> #N/A | J15: =INDEX(Problématiques_compétences!$D$3:$AC$174,MATCH(Progression_MS!J$4,Problématiques_compétences!$D$3:$D$174,0),10) -> #N/A | K15: =INDEX(Problématiques_compétences!$D$3:$AC$174,MATCH(Progression_MS!K$4,Problématiques_compétences!$D$3:$D$174,0),10) -> #N/A | L15: =INDEX(Problématiques_compétences!$D$3:$AC$174,MATCH(Progression_MS!L$4,Problématiques_compétences!$D$3:$D$174,0),10) -> #N/A | M15: =INDEX(Problématiques_compétences!$D$3:$AC$174,MATCH(Progression_MS!M$4,Problématiques_compétences!$D$3:$D$174,0),10) -> x | ... AI15: =INDEX(Problématiques_compétences!$D$3:$AC$174,MATCH(Progression_MS!AI$4,Problématiques_compétences!$D$3:$D$174,0),10) -> #N/A
C16: =Compétences!C10 -> AA2 | D16: =Compétences!D10 -> • Résoudre algébriquement, graphiquement sans ou avec outils numériques (grapheur, solveur, tableur) : - une équation du premier degré à une inconnue ; - une inéquation du premier degré à une inconnue. | E16: =COUNTIF(F16:AI16,"x") -> 1 | F16: =INDEX(Problématiques_compétences!$D$3:$AC$174,MATCH(Progression_MS!F$4,Problématiques_compétences!$D$3:$D$174,0),11) -> 0 | G16: =INDEX(Problématiques_compétences!$D$3:$AC$174,MATCH(Progression_MS!G$4,Problématiques_compétences!$D$3:$D$174,0),11) -> x | H16: =INDEX(Problématiques_compétences!$D$3:$AC$174,MATCH(Progression_MS!H$4,Problématiques_compétences!$D$3:$D$174,0),11) -> #N/A | I16: =INDEX(Problématiques_compétences!$D$3:$AC$174,MATCH(Progression_MS!I$4,Problématiques_compétences!$D$3:$D$174,0),11) -> #N/A | J16: =INDEX(Problématiques_compétences!$D$3:$AC$174,MATCH(Progression_MS!J$4,Problématiques_compétences!$D$3:$D$174,0),11) -> #N/A | K16: =INDEX(Problématiques_compétences!$D$3:$AC$174,MATCH(Progression_MS!K$4,Problématiques_compétences!$D$3:$D$174,0),11) -> #N/A | L16: =INDEX(Problématiques_compétences!$D$3:$AC$174,MATCH(Progression_MS!L$4,Problématiques_compétences!$D$3:$D$174,0),11) -> #N/A | M16: =INDEX(Problématiques_compétences!$D$3:$AC$174,MATCH(Progression_MS!M$4,Problématiques_compétences!$D$3:$D$174,0),11) -> 0 | ... AI16: =INDEX(Problématiques_compétences!$D$3:$AC$174,MATCH(Progression_MS!AI$4,Problématiques_compétences!$D$3:$D$174,0),11) -> #N/A
C17: =Compétences!C11 -> AA3 | D17: =Compétences!D11 -> • Choisir et mettre en œuvre une méthode de résolution adaptée au problème. | E17: =COUNTIF(F17:AI17,"x") -> 1 | F17: =INDEX(Problématiques_compétences!$D$3:$AC$174,MATCH(Progression_MS!F$4,Problématiques_compétences!$D$3:$D$174,0),12) -> x | G17: =INDEX(Problématiques_compétences!$D$3:$AC$174,MATCH(Progression_MS!G$4,Problématiques_compétences!$D$3:$D$174,0),12) -> 0 | H17: =INDEX(Problématiques_compétences!$D$3:$AC$174,MATCH(Progression_MS!H$4,Problématiques_compétences!$D$3:$D$174,0),12) -> #N/A | I17: =INDEX(Problématiques_compétences!$D$3:$AC$174,MATCH(Progression_MS!I$4,Problématiques_compétences!$D$3:$D$174,0),12) -> #N/A | J17: =INDEX(Problématiques_compétences!$D$3:$AC$174,MATCH(Progression_MS!J$4,Problématiques_compétences!$D$3:$D$174,0),12) -> #N/A | K17: =INDEX(Problématiques_compétences!$D$3:$AC$174,MATCH(Progression_MS!K$4,Problématiques_compétences!$D$3:$D$174,0),12) -> #N/A | L17: =INDEX(Problématiques_compétences!$D$3:$AC$174,MATCH(Progression_MS!L$4,Problématiques_compétences!$D$3:$D$174,0),12) -> #N/A | M17: =INDEX(Problématiques_compétences!$D$3:$AC$174,MATCH(Progression_MS!M$4,Problématiques_compétences!$D$3:$D$174,0),12) -> 0 | ... AI17: =INDEX(Problématiques_compétences!$D$3:$AC$174,MATCH(Progression_MS!AI$4,Problématiques_compétences!$D$3:$D$174,0),12) -> #N/A
B18: Fonctions | C18: =Compétences!C12 -> F1 | D18: =Compétences!D12 -> • Exploiter différents modes de représentation d’une fonction et passer de l’un à l’autre (expression, tableau de valeurs, courbe représentative). • Selon le mode de représentation : - identifier la variable ; - déterminer l’image ou des antécédents éventuels d’un nombre par une fonction définie sur un ensemble donné. • Reconnaitre une situation de proportionnalité et déterminer la fonction linéaire qui la modélise | E18: =COUNTIF(F18:AI18,"x") -> 1 | F18: =INDEX(Problématiques_compétences!$D$3:$AC$174,MATCH(Progression_MS!F$4,Problématiques_compétences!$D$3:$D$174,0),13) -> 0 | G18: =INDEX(Problématiques_compétences!$D$3:$AC$174,MATCH(Progression_MS!G$4,Problématiques_compétences!$D$3:$D$174,0),13) -> 0 | H18: =INDEX(Problématiques_compétences!$D$3:$AC$174,MATCH(Progression_MS!H$4,Problématiques_compétences!$D$3:$D$174,0),13) -> #N/A | I18: =INDEX(Problématiques_compétences!$D$3:$AC$174,MATCH(Progression_MS!I$4,Problématiques_compétences!$D$3:$D$174,0),13) -> #N/A | J18: =INDEX(Problématiques_compétences!$D$3:$AC$174,MATCH(Progression_MS!J$4,Problématiques_compétences!$D$3:$D$174,0),13) -> #N/A | K18: =INDEX(Problématiques_compétences!$D$3:$AC$174,MATCH(Progression_MS!K$4,Problématiques_compétences!$D$3:$D$174,0),13) -> #N/A | L18: =INDEX(Problématiques_compétences!$D$3:$AC$174,MATCH(Progression_MS!L$4,Problématiques_compétences!$D$3:$D$174,0),13) -> #N/A | M18: =INDEX(Problématiques_compétences!$D$3:$AC$174,MATCH(Progression_MS!M$4,Problématiques_compétences!$D$3:$D$174,0),13) -> 0 | ... AI18: =INDEX(Problématiques_compétences!$D$3:$AC$174,MATCH(Progression_MS!AI$4,Problématiques_compétences!$D$3:$D$174,0),13) -> #N/A
C19: =Compétences!C13 -> F2 | D19: =Compétences!D13 -> • Relier courbe représentative et tableau de variations d’une fonction. • Déterminer graphiquement les extremums d’une fonction sur un intervalle. | E19: =COUNTIF(F19:AI19,"x") -> 1 | F19: =INDEX(Problématiques_compétences!$D$3:$AC$174,MATCH(Progression_MS!F$4,Problématiques_compétences!$D$3:$D$174,0),14) -> 0 | G19: =INDEX(Problématiques_compétences!$D$3:$AC$174,MATCH(Progression_MS!G$4,Problématiques_compétences!$D$3:$D$174,0),14) -> 0 | H19: =INDEX(Problématiques_compétences!$D$3:$AC$174,MATCH(Progression_MS!H$4,Problématiques_compétences!$D$3:$D$174,0),14) -> #N/A | I19: =INDEX(Problématiques_compétences!$D$3:$AC$174,MATCH(Progression_MS!I$4,Problématiques_compétences!$D$3:$D$174,0),14) -> #N/A | J19: =INDEX(Problématiques_compétences!$D$3:$AC$174,MATCH(Progression_MS!J$4,Problématiques_compétences!$D$3:$D$174,0),14) -> #N/A | K19: =INDEX(Problématiques_compétences!$D$3:$AC$174,MATCH(Progression_MS!K$4,Problématiques_compétences!$D$3:$D$174,0),14) -> #N/A | L19: =INDEX(Problématiques_compétences!$D$3:$AC$174,MATCH(Progression_MS!L$4,Problématiques_compétences!$D$3:$D$174,0),14) -> #N/A | M19: =INDEX(Problématiques_compétences!$D$3:$AC$174,MATCH(Progression_MS!M$4,Problématiques_compétences!$D$3:$D$174,0),14) -> x | ... AI19: =INDEX(Problématiques_compétences!$D$3:$AC$174,MATCH(Progression_MS!AI$4,Problématiques_compétences!$D$3:$D$174,0),14) -> #N/A
C20: =Compétences!C14 -> F3 | D20: =Compétences!D14 -> • Exploiter l’équation y = ƒ(x) d’une courbe : - vérifier l’appartenance d’un point à une courbe ; - calculer les coordonnées d’un point de la courbe. | E20: =COUNTIF(F20:AI20,"x") -> 0 | F20: =INDEX(Problématiques_compétences!$D$3:$AC$174,MATCH(Progression_MS!F$4,Problématiques_compétences!$D$3:$D$174,0),15) -> 0 | G20: =INDEX(Problématiques_compétences!$D$3:$AC$174,MATCH(Progression_MS!G$4,Problématiques_compétences!$D$3:$D$174,0),15) -> 0 | H20: =INDEX(Problématiques_compétences!$D$3:$AC$174,MATCH(Progression_MS!H$4,Problématiques_compétences!$D$3:$D$174,0),15) -> #N/A | I20: =INDEX(Problématiques_compétences!$D$3:$AC$174,MATCH(Progression_MS!I$4,Problématiques_compétences!$D$3:$D$174,0),15) -> #N/A | J20: =INDEX(Problématiques_compétences!$D$3:$AC$174,MATCH(Progression_MS!J$4,Problématiques_compétences!$D$3:$D$174,0),15) -> #N/A | K20: =INDEX(Problématiques_compétences!$D$3:$AC$174,MATCH(Progression_MS!K$4,Problématiques_compétences!$D$3:$D$174,0),15) -> #N/A | L20: =INDEX(Problématiques_compétences!$D$3:$AC$174,MATCH(Progression_MS!L$4,Problématiques_compétences!$D$3:$D$174,0),15) -> #N/A | M20: =INDEX(Problématiques_compétences!$D$3:$AC$174,MATCH(Progression_MS!M$4,Problématiques_compétences!$D$3:$D$174,0),15) -> 0 | ... AI20: =INDEX(Problématiques_compétences!$D$3:$AC$174,MATCH(Progression_MS!AI$4,Problématiques_compétences!$D$3:$D$174,0),15) -> #N/A
C21: =Compétences!C15 -> F4 | D21: =Compétences!D15 -> • Représenter graphiquement une fonction affine. • Déterminer l’expression d’une fonction affine à partir de la donnée de deux nombres et de leurs images. • Déterminer graphiquement le coefficient directeur d’une droite non verticale. • Faire le lien entre coefficient directeur et pente dans un repère orthonormé. • Reconnaitre que deux droites d’équations données sont parallèles. • Résoudre graphiquement, ou à l’aide d’outils numériques, un système de deux équations du premier degré à deux inconnues. • Construire la parabole représentant la fonction carré et donner son tableau de variations • Déduire de la courbe représentative d’une fonction ƒ sur un intervalle donné celle de la fonction qui à x associe ƒ(x) + k, où k est un nombre réel donné, sur le même intervalle. • Déduire de la courbe représentative de la fonction carré, l’allure de celle de la fonction définie par ƒ(x) = kx2, où k est un nombre réel donné. • Déduire des variations d’une fonction ƒ sur un intervalle donné celles de la fonction kƒ, où k est un nombre réel donné, sur le même intervalle. | E21: =COUNTIF(F21:AI21,"x") -> 1 | F21: =INDEX(Problématiques_compétences!$D$3:$AC$174,MATCH(Progression_MS!F$4,Problématiques_compétences!$D$3:$D$174,0),16) -> 0 | G21: =INDEX(Problématiques_compétences!$D$3:$AC$174,MATCH(Progression_MS!G$4,Problématiques_compétences!$D$3:$D$174,0),16) -> 0 | H21: =INDEX(Problématiques_compétences!$D$3:$AC$174,MATCH(Progression_MS!H$4,Problématiques_compétences!$D$3:$D$174,0),16) -> #N/A | I21: =INDEX(Problématiques_compétences!$D$3:$AC$174,MATCH(Progression_MS!I$4,Problématiques_compétences!$D$3:$D$174,0),16) -> #N/A | J21: =INDEX(Problématiques_compétences!$D$3:$AC$174,MATCH(Progression_MS!J$4,Problématiques_compétences!$D$3:$D$174,0),16) -> #N/A | K21: =INDEX(Problématiques_compétences!$D$3:$AC$174,MATCH(Progression_MS!K$4,Problématiques_compétences!$D$3:$D$174,0),16) -> #N/A | L21: =INDEX(Problématiques_compétences!$D$3:$AC$174,MATCH(Progression_MS!L$4,Problématiques_compétences!$D$3:$D$174,0),16) -> #N/A | M21: =INDEX(Problématiques_compétences!$D$3:$AC$174,MATCH(Progression_MS!M$4,Problématiques_compétences!$D$3:$D$174,0),16) -> 0 | ... AI21: =INDEX(Problématiques_compétences!$D$3:$AC$174,MATCH(Progression_MS!AI$4,Problématiques_compétences!$D$3:$D$174,0),16) -> #N/A
C22: =Compétences!C16 -> F5 | D22: =Compétences!D16 -> • Dans le cadre de problèmes modélisés par des fonctions, résoudre par une méthode algébrique ou graphique une équation du type ƒ(x) = c ou une inéquation du type ƒ(x) < c, où c est un réel donné et ƒ une fonction affine ou une fonction du type x ↦ kx2 (avec k réel donné). | E22: =COUNTIF(F22:AI22,"x") -> 1 | F22: =INDEX(Problématiques_compétences!$D$3:$AC$174,MATCH(Progression_MS!F$4,Problématiques_compétences!$D$3:$D$174,0),17) -> x | G22: =INDEX(Problématiques_compétences!$D$3:$AC$174,MATCH(Progression_MS!G$4,Problématiques_compétences!$D$3:$D$174,0),17) -> 0 | H22: =INDEX(Problématiques_compétences!$D$3:$AC$174,MATCH(Progression_MS!H$4,Problématiques_compétences!$D$3:$D$174,0),17) -> #N/A | I22: =INDEX(Problématiques_compétences!$D$3:$AC$174,MATCH(Progression_MS!I$4,Problématiques_compétences!$D$3:$D$174,0),17) -> #N/A | J22: =INDEX(Problématiques_compétences!$D$3:$AC$174,MATCH(Progression_MS!J$4,Problématiques_compétences!$D$3:$D$174,0),17) -> #N/A | K22: =INDEX(Problématiques_compétences!$D$3:$AC$174,MATCH(Progression_MS!K$4,Problématiques_compétences!$D$3:$D$174,0),17) -> #N/A | L22: =INDEX(Problématiques_compétences!$D$3:$AC$174,MATCH(Progression_MS!L$4,Problématiques_compétences!$D$3:$D$174,0),17) -> #N/A | M22: =INDEX(Problématiques_compétences!$D$3:$AC$174,MATCH(Progression_MS!M$4,Problématiques_compétences!$D$3:$D$174,0),17) -> 0 | ... AI22: =INDEX(Problématiques_compétences!$D$3:$AC$174,MATCH(Progression_MS!AI$4,Problématiques_compétences!$D$3:$D$174,0),17) -> #N/A
B23: Calculs commerciaux et financiers (uniquement pour les spécialités de baccalauréat professionnel ne comportant pas d’enseignement de physique-chimie) | C23: =Compétences!C17 -> CC1 | D23: =Compétences!D17 -> • Compléter une facture, un bon de commande, réaliser un devis en déterminant dans le cadre de situations professionnelles : - un prix ; - un cout ; - une marge ; - une taxe ; - une réduction commerciale (remise, rabais, ristourne) ; - un taux. | E23: =COUNTIF(F23:AI23,"x") -> 0 | F23: =INDEX(Problématiques_compétences!$D$3:$AC$174,MATCH(Progression_MS!F$4,Problématiques_compétences!$D$3:$D$174,0),18) -> 0 | G23: =INDEX(Problématiques_compétences!$D$3:$AC$174,MATCH(Progression_MS!G$4,Problématiques_compétences!$D$3:$D$174,0),18) -> 0 | H23: =INDEX(Problématiques_compétences!$D$3:$AC$174,MATCH(Progression_MS!H$4,Problématiques_compétences!$D$3:$D$174,0),18) -> #N/A | I23: =INDEX(Problématiques_compétences!$D$3:$AC$174,MATCH(Progression_MS!I$4,Problématiques_compétences!$D$3:$D$174,0),18) -> #N/A | J23: =INDEX(Problématiques_compétences!$D$3:$AC$174,MATCH(Progression_MS!J$4,Problématiques_compétences!$D$3:$D$174,0),18) -> #N/A | K23: =INDEX(Problématiques_compétences!$D$3:$AC$174,MATCH(Progression_MS!K$4,Problématiques_compétences!$D$3:$D$174,0),18) -> #N/A | L23: =INDEX(Problématiques_compétences!$D$3:$AC$174,MATCH(Progression_MS!L$4,Problématiques_compétences!$D$3:$D$174,0),18) -> #N/A | M23: =INDEX(Problématiques_compétences!$D$3:$AC$174,MATCH(Progression_MS!M$4,Problématiques_compétences!$D$3:$D$174,0),18) -> 0 | ... AI23: =INDEX(Problématiques_compétences!$D$3:$AC$174,MATCH(Progression_MS!AI$4,Problématiques_compétences!$D$3:$D$174,0),18) -> #N/A
C24: =Compétences!C18 -> CC2 | D24: =Compétences!D18 -> • Calculer le montant : - d’un intérêt simple ; - d’une valeur acquise. • Déterminer graphiquement ou par le calcul : - un taux annuel de placement ; - la durée de placement (exprimée en jours, quinzaines, mois ou années) ; - le montant du capital placé. | E24: =COUNTIF(F24:AI24,"x") -> 1 | F24: =INDEX(Problématiques_compétences!$D$3:$AC$174,MATCH(Progression_MS!F$4,Problématiques_compétences!$D$3:$D$174,0),19) -> 0 | G24: =INDEX(Problématiques_compétences!$D$3:$AC$174,MATCH(Progression_MS!G$4,Problématiques_compétences!$D$3:$D$174,0),19) -> x | H24: =INDEX(Problématiques_compétences!$D$3:$AC$174,MATCH(Progression_MS!H$4,Problématiques_compétences!$D$3:$D$174,0),19) -> #N/A | I24: =INDEX(Problématiques_compétences!$D$3:$AC$174,MATCH(Progression_MS!I$4,Problématiques_compétences!$D$3:$D$174,0),19) -> #N/A | J24: =INDEX(Problématiques_compétences!$D$3:$AC$174,MATCH(Progression_MS!J$4,Problématiques_compétences!$D$3:$D$174,0),19) -> #N/A | K24: =INDEX(Problématiques_compétences!$D$3:$AC$174,MATCH(Progression_MS!K$4,Problématiques_compétences!$D$3:$D$174,0),19) -> #N/A | L24: =INDEX(Problématiques_compétences!$D$3:$AC$174,MATCH(Progression_MS!L$4,Problématiques_compétences!$D$3:$D$174,0),19) -> #N/A | M24: =INDEX(Problématiques_compétences!$D$3:$AC$174,MATCH(Progression_MS!M$4,Problématiques_compétences!$D$3:$D$174,0),19) -> 0 | ... AI24: =INDEX(Problématiques_compétences!$D$3:$AC$174,MATCH(Progression_MS!AI$4,Problématiques_compétences!$D$3:$D$174,0),19) -> #N/A
A25: Géométrie | C25: =Compétences!C19 -> G1 | D25: =Compétences!D19 -> • Reconnaitre, nommer un solide usuel. • Nommer les solides usuels constituant d'autres solides. • Calculer des longueurs, des mesures d’angles, des aires et des volumes dans les figures ou solides (les formules pour la pyramide, le cône et la boule sont fournies). | E25: =COUNTIF(F25:AI25,"x") -> 0 | F25: =INDEX(Problématiques_compétences!$D$3:$AC$174,MATCH(Progression_MS!F$4,Problématiques_compétences!$D$3:$D$174,0),20) -> 0 | G25: =INDEX(Problématiques_compétences!$D$3:$AC$174,MATCH(Progression_MS!G$4,Problématiques_compétences!$D$3:$D$174,0),20) -> 0 | H25: =INDEX(Problématiques_compétences!$D$3:$AC$174,MATCH(Progression_MS!H$4,Problématiques_compétences!$D$3:$D$174,0),20) -> #N/A | I25: =INDEX(Problématiques_compétences!$D$3:$AC$174,MATCH(Progression_MS!I$4,Problématiques_compétences!$D$3:$D$174,0),20) -> #N/A | J25: =INDEX(Problématiques_compétences!$D$3:$AC$174,MATCH(Progression_MS!J$4,Problématiques_compétences!$D$3:$D$174,0),20) -> #N/A | K25: =INDEX(Problématiques_compétences!$D$3:$AC$174,MATCH(Progression_MS!K$4,Problématiques_compétences!$D$3:$D$174,0),20) -> #N/A | L25: =INDEX(Problématiques_compétences!$D$3:$AC$174,MATCH(Progression_MS!L$4,Problématiques_compétences!$D$3:$D$174,0),20) -> #N/A | M25: =INDEX(Problématiques_compétences!$D$3:$AC$174,MATCH(Progression_MS!M$4,Problématiques_compétences!$D$3:$D$174,0),20) -> 0 | ... AI25: =INDEX(Problématiques_compétences!$D$3:$AC$174,MATCH(Progression_MS!AI$4,Problématiques_compétences!$D$3:$D$174,0),20) -> #N/A
C26: =Compétences!C20 -> G2 | D26: =Compétences!D20 -> • Déterminer les effets d’un agrandissement ou d’une réduction sur les longueurs, les aires et les volumes. | E26: =COUNTIF(F26:AI26,"x") -> 1 | F26: =INDEX(Problématiques_compétences!$D$3:$AC$174,MATCH(Progression_MS!F$4,Problématiques_compétences!$D$3:$D$174,0),21) -> 0 | G26: =INDEX(Problématiques_compétences!$D$3:$AC$174,MATCH(Progression_MS!G$4,Problématiques_compétences!$D$3:$D$174,0),21) -> 0 | H26: =INDEX(Problématiques_compétences!$D$3:$AC$174,MATCH(Progression_MS!H$4,Problématiques_compétences!$D$3:$D$174,0),21) -> #N/A | I26: =INDEX(Problématiques_compétences!$D$3:$AC$174,MATCH(Progression_MS!I$4,Problématiques_compétences!$D$3:$D$174,0),21) -> #N/A | J26: =INDEX(Problématiques_compétences!$D$3:$AC$174,MATCH(Progression_MS!J$4,Problématiques_compétences!$D$3:$D$174,0),21) -> #N/A | K26: =INDEX(Problématiques_compétences!$D$3:$AC$174,MATCH(Progression_MS!K$4,Problématiques_compétences!$D$3:$D$174,0),21) -> #N/A | L26: =INDEX(Problématiques_compétences!$D$3:$AC$174,MATCH(Progression_MS!L$4,Problématiques_compétences!$D$3:$D$174,0),21) -> #N/A | M26: =INDEX(Problématiques_compétences!$D$3:$AC$174,MATCH(Progression_MS!M$4,Problématiques_compétences!$D$3:$D$174,0),21) -> x | ... AI26: =INDEX(Problématiques_compétences!$D$3:$AC$174,MATCH(Progression_MS!AI$4,Problématiques_compétences!$D$3:$D$174,0),21) -> #N/A
A27: Algorithmique et programmation | C27: AP1 | D27: =Compétences!D21 -> • Analyser un problème. • Décomposer un problème en sous-problèmes. | E27: =COUNTIF(F27:AI27,"x") -> 1 | F27: =INDEX(Problématiques_compétences!$D$3:$AC$174,MATCH(Progression_MS!F$4,Problématiques_compétences!$D$3:$D$174,0),22) -> 0 | G27: =INDEX(Problématiques_compétences!$D$3:$AC$174,MATCH(Progression_MS!G$4,Problématiques_compétences!$D$3:$D$174,0),22) -> 0 | H27: =INDEX(Problématiques_compétences!$D$3:$AC$174,MATCH(Progression_MS!H$4,Problématiques_compétences!$D$3:$D$174,0),22) -> #N/A | I27: =INDEX(Problématiques_compétences!$D$3:$AC$174,MATCH(Progression_MS!I$4,Problématiques_compétences!$D$3:$D$174,0),22) -> #N/A | J27: =INDEX(Problématiques_compétences!$D$3:$AC$174,MATCH(Progression_MS!J$4,Problématiques_compétences!$D$3:$D$174,0),22) -> #N/A | K27: =INDEX(Problématiques_compétences!$D$3:$AC$174,MATCH(Progression_MS!K$4,Problématiques_compétences!$D$3:$D$174,0),22) -> #N/A | L27: =INDEX(Problématiques_compétences!$D$3:$AC$174,MATCH(Progression_MS!L$4,Problématiques_compétences!$D$3:$D$174,0),22) -> #N/A | M27: =INDEX(Problématiques_compétences!$D$3:$AC$174,MATCH(Progression_MS!M$4,Problématiques_compétences!$D$3:$D$174,0),22) -> 0 | ... AI27: =INDEX(Problématiques_compétences!$D$3:$AC$174,MATCH(Progression_MS!AI$4,Problématiques_compétences!$D$3:$D$174,0),22) -> #N/A
C28: AP2 | D28: =Compétences!D22 -> • Repérer les enchainements logiques et les traduire en instructions conditionnelles et en boucles. | E28: =COUNTIF(F28:AI28,"x") -> 0 | F28: =INDEX(Problématiques_compétences!$D$3:$AC$174,MATCH(Progression_MS!F$4,Problématiques_compétences!$D$3:$D$174,0),23) -> 0 | G28: =INDEX(Problématiques_compétences!$D$3:$AC$174,MATCH(Progression_MS!G$4,Problématiques_compétences!$D$3:$D$174,0),23) -> 0 | H28: =INDEX(Problématiques_compétences!$D$3:$AC$174,MATCH(Progression_MS!H$4,Problématiques_compétences!$D$3:$D$174,0),23) -> #N/A | I28: =INDEX(Problématiques_compétences!$D$3:$AC$174,MATCH(Progression_MS!I$4,Problématiques_compétences!$D$3:$D$174,0),23) -> #N/A | J28: =INDEX(Problématiques_compétences!$D$3:$AC$174,MATCH(Progression_MS!J$4,Problématiques_compétences!$D$3:$D$174,0),23) -> #N/A | K28: =INDEX(Problématiques_compétences!$D$3:$AC$174,MATCH(Progression_MS!K$4,Problématiques_compétences!$D$3:$D$174,0),23) -> #N/A | L28: =INDEX(Problématiques_compétences!$D$3:$AC$174,MATCH(Progression_MS!L$4,Problématiques_compétences!$D$3:$D$174,0),23) -> #N/A | M28: =INDEX(Problématiques_compétences!$D$3:$AC$174,MATCH(Progression_MS!M$4,Problématiques_compétences!$D$3:$D$174,0),23) -> 0 | ... AI28: =INDEX(Problématiques_compétences!$D$3:$AC$174,MATCH(Progression_MS!AI$4,Problématiques_compétences!$D$3:$D$174,0),23) -> #N/A
C29: AP3 | D29: =Compétences!D23 -> • Choisir ou reconnaitre le type d’une variable. • Réaliser un calcul à l’aide d’une ou de plusieurs variables. | E29: =COUNTIF(F29:AI29,"x") -> 1 | F29: =INDEX(Problématiques_compétences!$D$3:$AC$174,MATCH(Progression_MS!F$4,Problématiques_compétences!$D$3:$D$174,0),24) -> 0 | G29: =INDEX(Problématiques_compétences!$D$3:$AC$174,MATCH(Progression_MS!G$4,Problématiques_compétences!$D$3:$D$174,0),24) -> 0 | H29: =INDEX(Problématiques_compétences!$D$3:$AC$174,MATCH(Progression_MS!H$4,Problématiques_compétences!$D$3:$D$174,0),24) -> #N/A | I29: =INDEX(Problématiques_compétences!$D$3:$AC$174,MATCH(Progression_MS!I$4,Problématiques_compétences!$D$3:$D$174,0),24) -> #N/A | J29: =INDEX(Problématiques_compétences!$D$3:$AC$174,MATCH(Progression_MS!J$4,Problématiques_compétences!$D$3:$D$174,0),24) -> #N/A | K29: =INDEX(Problématiques_compétences!$D$3:$AC$174,MATCH(Progression_MS!K$4,Problématiques_compétences!$D$3:$D$174,0),24) -> #N/A | L29: =INDEX(Problématiques_compétences!$D$3:$AC$174,MATCH(Progression_MS!L$4,Problématiques_compétences!$D$3:$D$174,0),24) -> #N/A | M29: =INDEX(Problématiques_compétences!$D$3:$AC$174,MATCH(Progression_MS!M$4,Problématiques_compétences!$D$3:$D$174,0),24) -> 0 | ... AI29: =INDEX(Problématiques_compétences!$D$3:$AC$174,MATCH(Progression_MS!AI$4,Problématiques_compétences!$D$3:$D$174,0),24) -> #N/A
C30: AP4 | D30: =Compétences!D24 -> • Modifier ou compléter un algorithme ou un programme. • Concevoir un algorithme ou un programme simple pour résoudre un problème. | E30: =COUNTIF(F30:AI30,"x") -> 0 | F30: =INDEX(Problématiques_compétences!$D$3:$AC$174,MATCH(Progression_MS!F$4,Problématiques_compétences!$D$3:$D$174,0),25) -> 0 | G30: =INDEX(Problématiques_compétences!$D$3:$AC$174,MATCH(Progression_MS!G$4,Problématiques_compétences!$D$3:$D$174,0),25) -> 0 | H30: =INDEX(Problématiques_compétences!$D$3:$AC$174,MATCH(Progression_MS!H$4,Problématiques_compétences!$D$3:$D$174,0),25) -> #N/A | I30: =INDEX(Problématiques_compétences!$D$3:$AC$174,MATCH(Progression_MS!I$4,Problématiques_compétences!$D$3:$D$174,0),25) -> #N/A | J30: =INDEX(Problématiques_compétences!$D$3:$AC$174,MATCH(Progression_MS!J$4,Problématiques_compétences!$D$3:$D$174,0),25) -> #N/A | K30: =INDEX(Problématiques_compétences!$D$3:$AC$174,MATCH(Progression_MS!K$4,Problématiques_compétences!$D$3:$D$174,0),25) -> #N/A | L30: =INDEX(Problématiques_compétences!$D$3:$AC$174,MATCH(Progression_MS!L$4,Problématiques_compétences!$D$3:$D$174,0),25) -> #N/A | M30: =INDEX(Problématiques_compétences!$D$3:$AC$174,MATCH(Progression_MS!M$4,Problématiques_compétences!$D$3:$D$174,0),25) -> 0 | ... AI30: =INDEX(Problématiques_compétences!$D$3:$AC$174,MATCH(Progression_MS!AI$4,Problématiques_compétences!$D$3:$D$174,0),25) -> #N/A
C31: AP5 | D31: =Compétences!D25 -> • Comprendre et utiliser des fonctions. • Compléter la définition d’une fonction. • Structurer un programme en ayant recours à des fonctions pour résoudre un problème donné. | E31: =COUNTIF(F31:AI31,"x") -> 0 | F31: =INDEX(Problématiques_compétences!$D$3:$AC$174,MATCH(Progression_MS!F$4,Problématiques_compétences!$D$3:$D$174,0),26) -> 0 | G31: =INDEX(Problématiques_compétences!$D$3:$AC$174,MATCH(Progression_MS!G$4,Problématiques_compétences!$D$3:$D$174,0),26) -> 0 | H31: =INDEX(Problématiques_compétences!$D$3:$AC$174,MATCH(Progression_MS!H$4,Problématiques_compétences!$D$3:$D$174,0),26) -> #N/A | I31: =INDEX(Problématiques_compétences!$D$3:$AC$174,MATCH(Progression_MS!I$4,Problématiques_compétences!$D$3:$D$174,0),26) -> #N/A | J31: =INDEX(Problématiques_compétences!$D$3:$AC$174,MATCH(Progression_MS!J$4,Problématiques_compétences!$D$3:$D$174,0),26) -> #N/A | K31: =INDEX(Problématiques_compétences!$D$3:$AC$174,MATCH(Progression_MS!K$4,Problématiques_compétences!$D$3:$D$174,0),26) -> #N/A | L31: =INDEX(Problématiques_compétences!$D$3:$AC$174,MATCH(Progression_MS!L$4,Problématiques_compétences!$D$3:$D$174,0),26) -> #N/A | M31: =INDEX(Problématiques_compétences!$D$3:$AC$174,MATCH(Progression_MS!M$4,Problématiques_compétences!$D$3:$D$174,0),26) -> 0 | ... AI31: =INDEX(Problématiques_compétences!$D$3:$AC$174,MATCH(Progression_MS!AI$4,Problématiques_compétences!$D$3:$D$174,0),26) -> #N/A

Sheet Générateur 1
B1: Thème de séquence | K1: Problématique
B2: {=IFERROR(INDEX(Problématiques_compétences!$A$3:$D$174,QUOTIENT(MATCH(A1,Problématiques_compétences!$D$3:$D$174,0)-2,12)*12+2,1),"")} | K2: =IFERROR(INDEX(Problématiques_compétences!$B$3:$D$174,MATCH(A1,Problématiques_compétences!$D$3:$D$174,0),1),"")
A3: S1 | K3: Connaissances | Q3: Connaissances détaillées à renseigner manuellement
A4: {=IFERROR(INDEX(Problématiques_compétences!$F$2:$W$2,SMALL(IF(INDIRECT("Problématiques_compétences!F"&MATCH($A$1,Problématiques_compétences!$D$1:$D$174,0)):INDIRECT("Problématiques_compétences!BC"&MATCH($A$1,Problématiques_compétences!$D$1:$D$174,0))="x",COLUMN(Problématiques_compétences!$F$1:$W$1)-5,""),ROW()-3)),"")} | B4: =IFERROR(INDEX(Compétences!$C$1:$D$20,MATCH(A4,Compétences!$C$1:$C$20,0),2),"") | K4: =IFERROR(INDEX(Compétences!C2:E20,MATCH(A4,Compétences!C2:C20,0),3),"") | Q4: • • • • •
A6: {=IFERROR(INDEX(Problématiques_compétences!$F$2:$W$2,SMALL(IF(INDIRECT("Problématiques_compétences!F"&MATCH($A$1,Problématiques_compétences!$D$1:$D$174,0)):INDIRECT("Problématiques_compétences!BC"&MATCH($A$1,Problématiques_compétences!$D$1:$D$174,0))="x",COLUMN(Problématiques_compétences!$F$1:$W$1)-5,""),ROW()-4)),"")} | B6: =IFERROR(INDEX(Compétences!$C$1:$D$20,MATCH(A6,Compétences!$C$1:$C$20,0),2),"") | K6: =IFERROR(INDEX(Compétences!C4:E20,MATCH(A6,Compétences!C4:C20,0),3),"") | Q6: • • • • •
A8: {=IFERROR(INDEX(Problématiques_compétences!$F$2:$W$2,SMALL(IF(INDIRECT("Problématiques_compétences!F"&MATCH($A$1,Problématiques_compétences!$D$1:$D$174,0)):INDIRECT("Problématiques_compétences!BC"&MATCH($A$1,Problématiques_compétences!$D$1:$D$174,0))="x",COLUMN(Problématiques_compétences!$F$1:$W$1)-5,""),ROW()-5)),"")} | B8: =IFERROR(INDEX(Compétences!$C$1:$D$20,MATCH(A8,Compétences!$C$1:$C$20,0),2),"") | K8: =IFERROR(INDEX(Compétences!C6:E20,MATCH(A8,Compétences!C6:C20,0),3),"") | Q8: • • • • •
A10: {=IFERROR(INDEX(Problématiques_compétences!$F$2:$W$2,SMALL(IF(INDIRECT("Problématiques_compétences!F"&MATCH($A$1,Problématiques_compétences!$D$1:$D$174,0)):INDIRECT("Problématiques_compétences!BC"&MATCH($A$1,Problématiques_compétences!$D$1:$D$174,0))="x",COLUMN(Problématiques_compétences!$F$1:$W$1)-5,""),ROW()-6)),"")} | B10: =IFERROR(INDEX(Compétences!$C$1:$D$20,MATCH(A10,Compétences!$C$1:$C$20,0),2),"") | K10: =IFERROR(INDEX(Compétences!C8:E20,MATCH(A10,Compétences!C8:C20,0),3),"") | Q10: • • • • •
A12: {=IFERROR(INDEX(Problématiques_compétences!$F$2:$W$2,SMALL(IF(INDIRECT("Problématiques_compétences!F"&MATCH($A$1,Problématiques_compétences!$D$1:$D$174,0)):INDIRECT("Problématiques_compétences!BC"&MATCH($A$1,Problématiques_compétences!$D$1:$D$174,0))="x",COLUMN(Problématiques_compétences!$F$1:$W$1)-5,""),ROW()-7)),"")} | B12: =IFERROR(INDEX(Compétences!$C$1:$D$20,MATCH(A12,Compétences!$C$1:$C$20,0),2),"") | K12: =IFERROR(INDEX(Compétences!C10:E20,MATCH(A12,Compétences!C10:C20,0),3),"") | Q12: • • • • •
A15: Présentation de la séquence | N15: Situation déclenchante possible
A16: • • • • •
A18: Éléments pour la synthèse de la séquence (objectifs) | N18: Piste d'évaluation
A19: • • • • • | N19: • • • • •
A21: Positionnement dans le cycle, prérequis | N21: Liens possibles avec les lettres, l'histoire-géographie, l'ETLV et les parcours
A22: • • • • • | N22: • • • • •
A24: Proposition de déroulé
C25: Semaine 1 | K25: Semaine 2 | R25: Semaine 3
A27: Question directrice
A28: Modalité | C28: • • • • • | K28: • • • • • | R28: • • • • •
A29: Démarche pédagogique | C29: • • • • • | K29: • • • • • | R29: • • • • •
A30: Conclusion / bilan | C30: • • • • • | K30: • • • • • | R30: • • • • •
A31: Travail personnel (en dehors des cours) | C31: • • • • • | K31: • • • • • | R31: • • • • •
A32: Ressources | C32: • • • • • | K32: • • • • • | R32: • • • • •
A33: Lieu (espace ou zone) | C33: • • • • • | K33: • • • • • | R33: • • • • •
C35: Propositions d'évaluations
C36: Semaine 1 | K36: Semaine 2 | R36: Semaine 3
A37: Compétences évaluées | C37: • • • • • | K37: • • • • • | R37: • • • • •
A38: Type d'évaluation : diagnostique, formative, sommative | C38: • • • • • | K38: • • • • • | R38: • • • • •
A39: Durée | C39: • • • • • | K39: • • • • • | R39: • • • • •
A40: Description de l'évaluation Critères de réussite | C40: • • • • • | K40: • • • • • | R40: • • • • •
A41: Fichiers associés | C41: • • • • • | K41: • • • • • | R41: • • • • •
A42: Support d'évaluation | C42: • • • • • | K42: • • • • • | R42: • • • • •
A43: Indicateur de performance Niveau selon l'échelle de référence | C43: • • • • | K43: • • • • | R43: • • • •

Sheet S11
A1: S11 | B1: Thème de séquence | K1: Problématique
B2: {=IFERROR(INDEX(Problématiques_compétences!$A$3:$D$174,QUOTIENT(MATCH(A1,Problématiques_compétences!$D$3:$D$174,0)-2,12)*12+2,1),"")} -> 3) Géométrie | K2: =IFERROR(INDEX(Problématiques_compétences!$B$3:$D$174,MATCH(A1,Problématiques_compétences!$D$3:$D$174,0),1),"") -> P3_2 : Vous disposez d’une corde à 50 nœuds, combien de triangles rectangles pouvez-vous former ?
A3: S1 | K3: Connaissances | Q3: Connaissances détaillées à renseigner manuellement
A4: {=IFERROR(INDEX(Problématiques_compétences!$F$2:$AC$2,SMALL(IF(INDIRECT("Problématiques_compétences!F"&MATCH($A$1,Problématiques_compétences!$D$1:$D$173,0)&":aC"&MATCH($A$1,Problématiques_compétences!$D$1:$D$173,0))="x",COLUMN(Problématiques_compétences!$F$1:$AC$1)-5),ROW()-3)),"")} -> SV1 | B4: =IFERROR(INDEX(Compétences!$D$1:$D$25,MATCH($A4,Compétences!$C$1:$C$25,0)),"") -> • Recueillir et organiser des données statistiques. | K4: =IFERROR(INDEX(Compétences!$E$1:$E$25,MATCH($A4,Compétences!$C$1:$C$25,0)),"") -> • Regroupement par classes d’une série statistique. | Q4: • Solides usuels : le cube, le pavé droit, le cône, la boule. • Figures planes usuelles : triangle, quadrilatère, cercle. • Le théorème de Pythagore et sa réciproque. • Le théorème de Thalès dans le triangle. • Formule donnant le périmètre d’un cercle. • Somme des mesures, en degré, des angles d’un triangle. • Formule de l’aire d’un triangle, d’un carré, d’un rectangle, d’un disque. • Formule du volume du cube, du pavé droit et du cylindre.
A5: =IFERROR(INDEX(Problématiques_compétences!$F$2:$AC$2,SMALL(IF(INDIRECT("Problématiques_compétences!F"&MATCH($A$1,Problématiques_compétences!$D$1:$D$173,0)&":aC"&MATCH($A$1,Problématiques_compétences!$D$1:$D$173,0))="x",COLUMN(Problématiques_compétences!$F$1:$AC$1)-5),ROW()-4)),"") | B5: =IFERROR(INDEX(Compétences!$C$1:$D$20,MATCH(A5,Compétences!$C$1:$C$20,0),2),"") | K5: =IFERROR(INDEX(Compétences!C4:E20,MATCH(A5,Compétences!C4:C20,0),4),"")
A6: =IFERROR(INDEX(Problématiques_compétences!$F$2:$AC$2,SMALL(IF(INDIRECT("Problématiques_compétences!F"&MATCH($A$1,Problématiques_compétences!$D$1:$D$173,0)&":aC"&MATCH($A$1,Problématiques_compétences!$D$1:$D$173,0))="x",COLUMN(Problématiques_compétences!$F$1:$AC$1)-5),ROW()-5)),"") | B6: =IFERROR(INDEX(Compétences!$C$1:$D$20,MATCH(A6,Compétences!$C$1:$C$20,0),2),"") | K6: =IFERROR(INDEX(Compétences!C6:E20,MATCH(A6,Compétences!C6:C20,0),3),"")
A7: =IFERROR(INDEX(Problématiques_compétences!$F$2:$AC$2,SMALL(IF(INDIRECT("Problématiques_compétences!F"&MATCH($A$1,Problématiques_compétences!$D$1:$D$173,0)&":aC"&MATCH($A$1,Problématiques_compétences!$D$1:$D$173,0))="x",COLUMN(Problématiques_compétences!$F$1:$AC$1)-5),ROW()-6)),"") | B7: =IFERROR(INDEX(Compétences!$C$1:$D$20,MATCH(A7,Compétences!$C$1:$C$20,0),2),"") | K7: =IFERROR(INDEX(Compétences!C8:E20,MATCH(A7,Compétences!C8:C20,0),3),"")
A8: =IFERROR(INDEX(Problématiques_compétences!$F$2:$AC$2,SMALL(IF(INDIRECT("Problématiques_compétences!F"&MATCH($A$1,Problématiques_compétences!$D$1:$D$173,0)&":aC"&MATCH($A$1,Problématiques_compétences!$D$1:$D$173,0))="x",COLUMN(Problématiques_compétences!$F$1:$AC$1)-5),ROW()-9)),"") | B8: =IFERROR(INDEX(Compétences!$C$1:$D$20,MATCH(A8,Compétences!$C$1:$C$20,0),2),"") | K8: =IFERROR(INDEX(Compétences!C10:E20,MATCH(A8,Compétences!C10:C20,0),3),"")
A10: Présentation de la séquence | N10: Situation déclenchante possible
A11: Montrer la nécessité de l’algorithmique et de la programmation pour générer les triplets pythagoriciens. L’élève se rendra compte que leur recherche par le biais de la corde ou du calcul reste fastidieux. | N11: Vous disposez d’une corde à 50 nœuds, combien de triangles rectangles pouvez-vous former ?
A13: Éléments pour la synthèse de la séquence (objectifs) | N13: Piste d'évaluation
A14: • Les triplets pythagoriciens sont des triplets de nombre entiers qui vérifient l'équation a² + b² = c². • Si un triangle possède trois côtés vérifiant l'équation a² + b² = c², alors le triangle est rectangle. • … | N14: • Les élèves ont construit les triangles rectangles demandés. • Les élèves ont élaboré un algorithme permettant de déterminer plusieurs triplets pythagoriciens. • Les élèves ont élaboré un programme permettant de déterminer ces triplets.
A16: Positionnement dans le cycle, prérequis | N16: Liens possibles avec les lettres, l'histoire-géographie, l'ETLV et les parcours
A17: • Calculer avec des grandeurs mesurables ; exprimer les résultats dans les unités adaptées. • Mobiliser les connaissances des figures, des configurations au programme pour déterminer des grandeurs géométriques. • Utiliser un logiciel de géométrie dynamique pour représenter des figures ou des solides.
A19: Proposition de déroulé
C20: Semaine 1 | K20: Semaine 2 | R20: Semaine 3
A22: Question directrice | C22: Qu'est-ce qu'un triangle rectangle ? | K22: Comment déterminer automatiquement le nombre de triangles possibles avec une corde de 50 nœusds ? | R22: Comment construire le programme permettant de résoudre le problème des triangles rectangles avec une corde de 50 nœuds ?
A23: Modalité | C23: • Conceptions des élèves sur les triangles rectangles et les autres triangles. • Construction de triangles et vérification de l'égalité a² + b² = c². | K23: • Élaboration d'une résolution de ce problème par groupes d'élèves : géométrique, calcul, algorithme. | R23: • Écriture du programme par groupes d'élèves.
A24: Démarche pédagogique | C24: • Après un rappel oral sur les différents triangles, les élèves sont invités à construire plusieurs rectangles et à déterminer les triangles rectangles parmi tous les triangles proposés. • Les élèves déterminent le nombre de triangles qu'il est possible de construire avec une corde de 50 nœuds. | K24: • Travail par groupes sur une solution possible au problème posé. • Présentation des solutions aux autres groupes. • Construction d'un algorithme pour résoudre ce problème, avec des boucles et des tests. | R24: • Construction du programme par étapes : test, boucles. • Présentation du fonctionnement du programme par les équipes.
A25: Conclusion / bilan | C25: • Les triangles rectangles sont ceux dont les côtés vérifient l'équation a² + b² = c². | K25: • Un algorithme permettrait de résoudre le problème en testant l'égalité a² + b² = c². | R25: • Solution du problème du nombre de triangles rectangles possibles dans une code de 50 nœuds.
A26: Travail personnel (en dehors des cours) | C26: • Classe inversée : visionnage d'une vidéo sur les triangles. | K26: • Classe inversée : visionnage d'une vidéo sur les boucles et les tests en programmation. | R26: • Classe inversée : visionnage d'une vidéo sur les boucles et les tests en programmation.
A27: Ressources | C27: • Activité de tracé de triangles rectangles. • Calculatrice. | K27: • Calculatrice. • Fiche de rappel sur les boucles et les tests en programmation. | R27: • Calculatrice. • Ordinateur.
A28: Lieu (espace ou zone)
C30: Propositions d'évaluations
C31: Semaine 1 | K31: Semaine 2 | R31: Semaine 3
A32: Compétences évaluées | C32: • Calculer des longueurs, des mesures d’angles, des aires et des volumes dans les figures ou solides (les formules pour la pyramide, le cône et la boule sont fournies) | K32: • • • • • | R32: • • • • •
A33: Type d'évaluationType d'évaluation : diagnostique, formative, sommative | C33: • Formative : réussite à l'activité. | K33: • • • • • | R33: • • • • •
A34: Durée | C34: • Formative : à l'issue de l'activité. | K34: • • • • • | R34: • • • • •
A35: Description de l'évaluation Critères de réussite | C35: • Les élèves doivent construire les triangles et déterminer ceux qui sont rectangles par construction géométrique et/ou par l'équation a² + b² = c². | K35: • • • • • | R35: • • • • •
A36: Fichiers associés | C36: • Documents de l'activité | K36: • • • • • | R36: • • • • •
A37: Support d'évaluation | C37: • L'activité | K37: • • • • • | R37: • • • • •
A38: Indicateur de performance Niveau selon l'échelle de référence | C38: • L'élève a réussi à identifier les triangles rectangles par construction ou par calcul, en justifiant ses réponses. • L'élève a réussi à identifier la plupart des triangles rectangles et justifié ses répoonses, mais a fait quelques erreurs. • L'élève a identifié plus de la moitié des triangles rectangles, mais a peu justifié ses réponses. • L'élève a identifié peu de triangles rectangles et a peu justifié ses réponses. | K38: • • • • • | R38: • • • • •
